Map: Blackburn LE

Players

Probe - Winner!

  • Race: Protoss Protoss

MeomaikA

  • Race: Zerg Zerg

Event: DreamHack SC2 Masters 2021 Fall

VOD

Have the link to the VOD?

Description

Time

  • Played on: July 31, 2021, 7:03 a.m.
  • Length: 8:07

All games in this series

Show
View Real Time Build Order
Export as new Build Order

Probe Protoss - Winner!

Build Orders: Oracle Opening 

Get SALT Encoding   

  12  0:01  Probe  
  13  0:13  Probe  
  14  0:20  Pylon  
  14  0:25  Probe  
  15  0:38  Probe (Chrono Boost)  
  16  0:44  Gateway  
  16  0:48  Assimilator, Probe (Chrono Boost)  
  17  0:53  Probe (Chrono Boost)  
  18  1:05  Probe  
  19  1:17  Probe (Chrono Boost)  
  20  1:23  Pylon  
  20  1:28  Probe (Chrono Boost)  
  21  1:33  Probe (Chrono Boost)  
  21  1:34  Cybernetics Core  
  22  1:41  Zealot  
  22  1:43  Probe  
  25  1:55  Probe  
  25  1:57  Pylon  
  26  2:02  Assimilator  
  26  2:07  Probe  
  26  2:08  Adept (Chrono Boost)  
  29  2:19  Probe  
  30  2:31  Probe  
  30  2:34  Stargate  
  31  2:44  Probe  
  32  2:56  Probe  
  33  2:58  Nexus  
  33  3:08  Probe  
  33  3:11  Void Ray (Chrono Boost)  
  34  3:15  Warp Gate  
  38  3:20  Probe  
  38  3:22  Shield Battery  
  39  3:35  Pylon  
  39  3:53  Oracle, Probe  
  43  4:04  Robotics Facility  
  43  4:06  Probe (Chrono Boost)  
  44  4:14  Probe (Chrono Boost)  
  44  4:15  Pylon  
  45  4:17  Assimilator  
  45  4:18  Probe (Chrono Boost)  
  45  4:21  Assimilator  
  47  4:24  Void Ray  
  47  4:25  Probe (Chrono Boost)  
  47  4:26  Probe (Chrono Boost)  
  47  4:29  Probe (Chrono Boost)  
  53  4:32  Probe  
  54  4:40  Probe  
  54  4:43  Gateway  
  54  4:44  Probe  
  56  4:53  Probe  
  56  4:56  Probe  
  56  4:59  Observer  
  59  5:02  Robotics Bay  
  59  5:05  Adept, Probe  
  59  5:06  Void Ray  
  62  5:08  Probe  
  67  5:16  Forge  
  67  5:17  Probe  
  67  5:19  Pylon  
  67  5:20  Probe  
  69  5:28  Pylon  
  69  5:30  Probe  
  70  5:37  Probe  
  70  5:42  Probe  
  72  5:44  Nexus  
  72  5:46  Disruptor (Chrono Boost)  
  72  5:47  Shield Battery  
  72  5:54  Probe x2  
  77  5:58  Photon Cannon  
  77  6:06  Probe  
  77  6:07  Photon Cannon  
  77  6:09  Shield Battery  
  77  6:10  Void Ray  
  78  6:17  Disruptor  
  85  6:19  Probe  
  86  6:32  Pylon  
  86  6:34  Pylon  
  86  6:36  Stargate  
  86  6:38  Stargate  
  86  6:42  Assimilator  
  86  6:47  Assimilator  
  86  6:50  Void Ray, Probe x2 (Chrono Boost)  
  88  6:55  Observer  
  88  6:59  Probe (Chrono Boost)  
  93  7:02  Probe x2 (Chrono Boost)  
  96  7:09  Probe (Chrono Boost)  
  96  7:10  Probe x2 (Chrono Boost)  
  96  7:14  Disruptor, Probe (Chrono Boost)  
  102  7:16  Probe x2  
  102  7:20  Void Ray  
  102  7:21  Shield Battery  
  102  7:22  Shield Battery  
  104  7:24  Zealot  
  104  7:25  Probe  
  111  7:42  Photon Cannon  
  111  7:44  Shield Battery  
  111  7:47  Shield Battery  
  111  7:48  Shield Battery  
  111  7:49  Shield Battery x2  
  111  7:50  Shield Battery  
  109  7:52  Probe  
Show
View Real Time Build Order
Export as new Build Order

MeomaikA Zerg 

Build Orders: 3 Hatch before Pool 

Get SALT Encoding   

  12  0:00  Drone  
  13  0:08  Drone  
  14  0:16  Overlord  
  14  0:21  Extractor  
  14  0:23  Drone  
  15  0:35  Drone x2  
  17  0:43  Drone  
  18  1:03  Hatchery  
  17  1:19  Hatchery  
  17  1:20  Drone  
  17  1:24  Drone  
  18  1:39  Spawning Pool  
  17  1:42  Extractor  
  17  1:43  Drone  
  17  1:46  Drone  
  18  1:49  Drone  
  19  1:55  Drone  
  20  2:05  Overlord  
  20  2:24  Drone x2  
  20  2:27  Queen x2  
  20  2:28  Zergling x4  
  28  2:40  Drone  
  28  2:43  Zergling x2  
  30  2:47  Zergling x2  
  31  3:00  Drone x3  
  34  3:09  Overlord  
  34  3:10  Drone  
  34  3:12  Lair  
  35  3:20  Drone  
  35  3:22  Overlord  
  36  3:35  Hatchery  
  36  3:36  Drone x2  
  36  3:42  Drone x2  
  36  3:43  Drone x3  
  36  3:44  Drone  
  42  3:49  Drone  
  42  3:50  Drone  
  42  3:54  Extractor, Drone  
  42  3:55  Extractor, Drone  
  44  4:02  Spore Crawler  
  43  4:03  Spore Crawler  
  43  4:04  Drone  
  43  4:11  Hydralisk Den  
  43  4:12  Drone  
  43  4:15  Overlord x2  
  43  4:18  Overlord  
  43  4:39  Drone x5  
  43  4:40  Drone  
  43  4:41  Muscular Augments, Hydralisk x2  
  43  4:43  Hydralisk  
  55  4:48  Hydralisk  
  55  4:52  Hydralisk  
  59  4:57  Hydralisk  
  61  5:00  Drone  
  61  5:01  Drone x2  
  61  5:03  Drone  
  61  5:05  Drone  
  66  5:08  Overlord  
  66  5:10  Drone  
  66  5:12  Drone  
  66  5:13  Drone  
  69  5:17  Drone  
  69  5:18  Drone  
  69  5:19  Drone  
  72  5:23  Queen  
  72  5:26  Extractor, Overlord  
  73  5:30  Overlord  
  73  5:32  Drone x2  
  73  5:34  Drone  
  76  5:39  Hydralisk x2  
  76  5:42  Hydralisk  
  82  5:44  Hydralisk  
  82  5:48  Hydralisk  
  86  5:50  Hydralisk  
  86  5:54  Hydralisk  
  86  5:55  Hydralisk  
  92  5:57  Hydralisk  
  92  6:01  Hydralisk  
  95  6:04  Hydralisk  
  97  6:16  Overlord  
  97  6:17  Grooved Spines  
  97  6:19  Pneumatized Carapace  
  97  6:21  Extractor  
  97  6:23  Drone  
  97  6:24  Overlord  
  97  6:28  Hatchery, Overlord  
  96  6:40  Hydralisk  
  96  6:41  Hydralisk x3  
  104  6:50  Hydralisk x2  
  108  7:03  Hydralisk  
  108  7:08  Hydralisk  
  110  7:13  Hydralisk  
  114  7:15  Drone  
  114  7:16  Drone x6  
  114  7:17  Overlord  
  114  7:22  Evolution Chamber  
  120  7:25  Hydralisk  
  120  7:29  Overlord x2  
  121  7:41  Hydralisk x4  
  121  7:43  Hydralisk x2  
  130  7:49  Overlord  

Tags
 
Add a new tag
Caveats
  • Supply blocks, unpowered buildings, or Contaminate may cause inaccurate times.
  • Supply counts are checked every 10 seconds.